 Dungeon Crawl Stone Soup version 0.31-a0-523-g071a6c1ffa (webtiles) character file.

Game seed: 6728616894614893192

602907 Mahakala the Conqueror (level 25, -4/255 (257) HPs)
             Began as a Minotaur Berserker on Aug 11, 2023.
             Was the Champion of Trog.
             Slain by an ancient lich (8 damage)
             ... on level 4 of the Abyss on Aug 12, 2023.
             The game lasted 03:36:56 (70038 turns).

Mahakala the Conqueror (Minotaur Berserker)        Turns: 70038, Time: 03:36:57

HP:   -4/255 (257)  AC: 43    Str: 32    XL:     25   Next: 40%
MP:   0/22          EV: 15    Int:  9    God:    Trog [******]
Gold: 5048          SH:  0    Dex: 12    Spells: 24/24 levels left

rFire   + + .        b - +7 executioner's axe (heavy)
rCold   + + .        (shield currently unavailable)
rNeg    + . .        M - +9 gold dragon scales
rPois   +            (helmet unavailable)
rElec   .            U - scarf {rC+ rF+}
rCorr   +            T - +3 pair of gauntlets of War {Slay+5}
SInv    .            p - +2 pair of boots
Will    ++++.        D - amulet "Tehit" {Spirit -Cast Will++ rCorr Slay+5} Stlth
                     R - ring "Qydoosha" {rN+ Str+2 Int+3}
HPRegen 0.00/turn    l - ring of willpower
MPRegen 0.18/turn

%: no spellcasting, guardian spirit
@: about to teleport, sick, glowing, studying 5 skills, lightly drained
A: horns 3, retaliatory headbutt, deterioration 1, screaming 1, subdued magic 2
}: 5/15 runes: serpentine, barnacled, slimy, silver, abyssal
a: Renounce Religion, Berserk, Trog's Hand, Brothers in Arms


You were on level 4 of the Abyss.
You worshipped Trog.
Trog was exalted by your worship.
You visited 10 branches of the dungeon, and saw 48 of its levels.
You visited the Abyss 1 time.
You visited 2 bazaars.
You also visited: Bailey, Ice Cave, Wizlab and Desolation.

You collected 8226 gold pieces.
You spent 3178 gold pieces at shops.

Inventory:

Hand Weapons
 a - a +9 executioner's axe of freezing
 b - a +7 heavy executioner's axe (weapon)
 Z - the +5 broad axe of the Eternal Warrior {elec, rElec}
   (You found it on level 4 of the Depths)

   rElec:     It insulates you from electricity.
Missiles
 f - 13 javelins
 r - 40 boomerangs (quivered)
 L - 10 curare-tipped darts {!f}
 W - 2 throwing nets {!f}
 X - 3 silver javelins
Armour
 p - a +2 pair of boots (worn)
 M - +9 gold dragon scales (worn)
 T - the +3 pair of gauntlets of War (worn) {Slay+5}
   (You acquired it on level 3 of the Vaults)

   Slay+5:    It affects your accuracy & damage with ranged weapons and melee
   (+5).
 U - a scarf of resistance (worn)
Jewellery
 l - a ring of willpower (right hand)
 C - the ring of the Hare {EV+10}
   (You took it off a deep elf demonologist on level 3 of the Elven Halls)

   [ring of evasion]

   EV+10:     It affects your evasion (+10).
 D - the amulet "Tehit" (around neck) {Spirit -Cast Will++ rCorr Slay+5}
   (You bought it in a shop on level 1 of the Snake Pit)

   [amulet of guardian spirit]

   Spirit:    It causes incoming damage to be divided between your reserves of
   health and magic.
   Slay+5:    It affects your accuracy & damage with ranged weapons and melee
   (+5).
   Will++:    It greatly increases your willpower.
   -Cast:     It prevents spellcasting.
   rCorr:     It protects you from acid and corrosion.
 J - the ring "Zotaf" {rN+ Str+2}
   (You took it off a spriggan berserker on level 4 of the Depths)

   [ring of positive energy]

   Str+2:     It affects your strength (+2).
   rN+:       It protects you from negative energy.
 K - the ring "Goekk" {Fly rF+ Dex+2}
   (You found it on level 4 of the Depths)

   [ring of flight]

   Dex+2:     It affects your dexterity (+2).
   rF+:       It protects you from fire.
   Fly:       It grants you flight.
 R - the ring "Qydoosha" (left hand) {rN+ Str+2 Int+3}
   (You found it on level 4 of the Depths)

   [ring of positive energy]

   Str+2:     It affects your strength (+2).
   Int+3:     It affects your intelligence (+3).
   rN+:       It protects you from negative energy.
Wands
 c - a wand of mindburst (27)
 d - a wand of roots (42)
 t - a wand of flame (24)
 u - a wand of charming (45)
 v - a wand of digging (21)
 x - a wand of light (36)
 H - a wand of polymorph (12)
Scrolls
 e - 10 scrolls of fear
 h - 13 scrolls of immolation
 i - 5 scrolls of blinking {@r3}
 o - 8 scrolls of poison
 q - 22 scrolls of teleportation {@r4}
 s - 13 scrolls of fog
 z - 5 scrolls of silence
 B - a scroll of vulnerability
 G - 4 scrolls of summoning
 O - 7 scrolls of revelation
Potions
 g - 5 potions of mutation
 j - 8 potions of enlightenment
 m - 28 potions of curing {@q1}
 n - 6 potions of haste {@q3}
 E - 5 potions of cancellation
 F - 7 potions of invisibility
 P - 9 potions of might
 Q - 2 potions of ambrosia
 S - 5 potions of resistance
 V - 5 potions of attraction
 Y - 10 potions of heal wounds {@q2}
Miscellaneous
 y - a phantom mirror
 I - a phial of floods
 N - a box of beasts


   Skills:
 O Level 27 Fighting
 - Level 26.0 Axes
 + Level 16.2 Throwing
 - Level 25.0 Armour
 + Level 20.4 Dodging
 + Level 17.1 Evocations


You had 24 spell levels left.
You didn't know any spells.
Your spell library was empty.

Dungeon Overview and Level Annotations

Branches:
Dungeon (15/15)            Temple (1/1) D:7            Lair (5/5) D:10
 Shoals (4/4) Lair:3        Snake (4/4) Lair:2        Slime (5/5) Lair:4
    Orc (2/2) D:11            Elf (3/3) Orc:2        Vaults (5/5) D:13
  Crypt (0/3) Vaults:3     Depths (4/4) D:15            Zot (0/5) Depths:4
 Bailey (visited)           IceCv (visited)          WizLab (visited)
Desolation (visited)

Altars:
Ashenzari
Cheibriados
Dithmenos
Elyvilon
Fedhas
Gozag
Hepliaklqana
Kikubaaqudgha
Makhleb
Nemelex Xobeh
Okawaru
Qazlal
Ru
Sif Muna
Trog
Uskayaw
Vehumet
Wu Jian
Xom
Yredelemnul
Zin
The Shining One
Jiyva

Shops:
D:3 !   Orc:1 !   Orc:2 ([=?   Elf:2 ([=*   Shoals:2 (:*=   Snake:1 :==
Snake:3 :(?(   Vaults:5 [   Depths:4 (?

Portals:
Hell: Depths:1 Depths:2 Depths:3 Depths:4
Abyss: Depths:3 Depths:4
Pandemonium: Depths:2 Depths:3
Ziggurat: Depths:3
Trove: D:15 (show slimy rune of Zot)

Annotations:
Elf:2 3 runed translucent doors
Vaults:3 1 transporter


Innate Abilities, Weirdness & Mutations

You have a pair of large horns on your head.
You reflexively headbutt those who attack you in melee.
Your body sometimes deteriorates upon taking damage.
You occasionally shout uncontrollably at your foes.
Your spells are easier to cast, but less powerful.


Message History

You feel the power of the Abyss delaying your translocation!
A chorus of shrieks assaults your mind.
* * * LOW HITPOINT WARNING * * *
The daeva calls down the wrath of the Shining One upon you.
The Shining One smites you!
* * * LOW HITPOINT WARNING * * *
As you read the scroll of fog, it dissolves into smoke.
A lurking horror comes into view.
A starcursed mass comes into view.
You barely miss the large abomination. You headbutt the large abomination!!
The large abomination is heavily damaged.
A starcursed mass splits.
The large abomination hits you.
* * * LOW HITPOINT WARNING * * *
You feel much better. A chorus of shrieks assaults your mind.
* * * LOW HITPOINT WARNING * * *
The large abomination hits you but does no damage.
You cut the large abomination into ribbons!!!!
You destroy the large abomination!
Trog accepts your kill.
The ancient lich points at you and mumbles some strange words.
You resist with almost no effort.
A starcursed mass splits.
The ancient lich touches you.
* * * LOW HITPOINT WARNING * * *
You partially resist.
You feel drained.
The starcursed mass touches you but does no damage.
You open the ancient lich like a pillowcase!!!
You headbutt the ancient lich, but do no damage.
The ancient lich is heavily damaged.
You carve the starcursed mass like a ham!!!
You destroy the starcursed mass!
Trog accepts your kill.
You open the starcursed mass like a pillowcase!!!
You destroy the starcursed mass!
Trog accepts your kill. The ancient lich misses you.
A chorus of shrieks assaults your mind.
* * * LOW HITPOINT WARNING * * *
A starcursed mass splits.
The ancient lich touches you!
You die...

.. .....#.....#.. ~..
... ................
~.......................
~~............. ..XX...
.~ . ...#..§.. ...XX#
.~###...###§§.###...## .
~ #... .#.§§§§#.....#...
~~~~.
AL...§§§§A......... .
~~.. ..X §§§§L@.......#
...≈.
.....§§§§§......... ..
.. #.§§§§#.....#... .~~#
.. ###.§.###...## . ~
..... ..*.. .....# ~..
..... ..... ....... ~~
... ................ ~
.... ................


You could see 4 starcursed masses, a daeva and an ancient lich (fast).

Vanquished Creatures
  the Royal Jelly (Slime:5)
  Mara (Shoals:4)
  Mennas (Depths:3)
  2 juggernauts
  Sojobo (Depths:2)
  The ghost of Heg Cuhi the Slayer, an adept MiFi of Okawaru (Elf:2)
  A golden dragon (Depths:3)
  Nikola (Shoals:4)
  The ghost of Onliunavitz the Metallomancer, an adept GrEE of Sif Muna (Elf:2)
  2 doom hounds (Depths:4)
  6 tentacled monstrosities
  Rupert (D:12)
  Asterion (Depths:2)
  4 titans
  5 liches
  A walking crystal tome (Depths:4)
  18 acid blobs
  2 walking earthen tomes
  2 deep elf blademasters (Elf:3)
  A quicksilver dragon (Vaults:5)
  2 krakens (Shoals:3)
  A deep elf master archer (Elf:3)
  An Executioner (Abyss:3)
  5 sphinxes
  Polyphemus (Shoals:3)
  Grunn (Depths:4)
  A storm dragon (Vaults:5)
  6 tentacled starspawn
  The ghost of olddryhag the Mimic, an adept DsSh of Uskayaw (Elf:2)
  13 tengu reavers
  6 shadow dragons
  Kirke (Shoals:4)
  9 azure jellies
  12 rockslimes
  10 nagarajas
  An iron dragon (Vaults:5)
  12 fire giants
  2 draconian scorchers (Depths:4)
  12 frost giants
  6 deep elf sorcerers
  2 orc warlords
  13 ironbound preservers
  The ghost of Midn8 the Markself, an adept DEHs of Fedhas (Snake:4)
  2 deep elf elementalists (Elf:3)
  22 vault wardens
  A caustic shrike zombie (Depths:3)
  2 demonspawn corrupters (WizLab)
  A draconian annihilator (Depths:4)
  10 ironbound thunderhulks
  4 reapers (IceCv)
  5 quicksilver oozes
  21 stone giants
  2 war gargoyles
  22 very ugly things
  6 spriggan defenders (Depths:4)
  6 formless jellyfish
  7 deep elf annihilators (Elf:3)
  2 vampire knights
  Nessos (D:12)
  7 deep elf demonologists
  A halazid warlock (Desolation)
  8 dire elephants
  6 spark wasps
  2 crystal guardians
  17 ettins
  9 deep elf death magi
  8 merfolk impalers
  Snorg (D:12)
  6 merfolk javelineers
  A blizzard demon (Abyss:4)
  6 jiangshi (Depths:2)
  15 yaktaur captains
  14 great orbs of eyes
  2 entropy weavers
  6 fire dragons
  4 servants of whispers
  13 deep elf high priests
  11 ice dragons
  7 spriggan air magi
  2 ragged hierophants
  5 hydras
  5 rakshasas
  An ogre mage (Vaults:5)
  2 salamander tyrants (Snake:4)
  36 vault guards
  5 ironbound frosthearts
  A catoblepas (Shoals:4)
  A merfolk avatar (Shoals:3)
  4 peacekeepers
  6 anacondas
  5 boulder beetles
  5 two-headed ogres
  The ghost of Viaheush the Carver, a journeyman GnWn of Hepliaklqana (Elf:2)
  5 merfolk aquamancers
  13 centaur warriors
  9 dancing weapons
  3 death yaks
  7 deep troll earth magi
  A demonic crawler (Abyss:3)
  15 deep troll shamans
  6 tengu warriors
  4 vampire magi
  4 orc high priests (Orc:2)
  2 satyrs
  5 naga warriors
  9 shock serpents
  7 spriggan berserkers
  6 hell knights (Depths:2)
  Sonja (D:12)
  A shock serpent (shapeshifter) (Vaults:5)
  18 naga sharpshooters
  A soul eater (Depths:1)
  12 deep elf knights
  A skyshark (shapeshifter) (Depths:4)
  A sun demon (Abyss:3)
  8 skeletal warriors
  A wretched star (Abyss:3)
  8 iron trolls
  7 skysharks
  A titan skeleton (Depths:3)
  4 salamander mystics
  A sixfirhy (Abyss:3)
  A spriggan druid (WizLab)
  2 goliath frogs (Lair:5)
  42 deep trolls
  26 sea snakes
  13 wizards
  A deep troll (shapeshifter) (Vaults:5)
  A kraken simulacrum (Shoals:4)
  20 ironbound convokers
  A flayed ghost (Depths:1)
  A bog body (IceCv)
  2 spriggan simulacra (IceCv)
  5 naga ritualists (Snake:4)
  An obsidian statue (IceCv)
  5 glowing orange brains
  2 wolf spider zombies (D:15)
  24 harpies
  A tengu zombie (Depths:3)
  10 lindwurms
  12 deep elf archers
  Pikel (D:5)
  2 phantasmal warriors
  33 starcursed masses (Abyss:4)
  6 necromancers
  3 orc sorcerers (Orc:2)
  20 deep elf pyromancers
  21 deep elf zephyrmancers
  7 orc knights
  24 ugly things
  8 mana vipers
  An oklob plant (Lair:1)
  A sphinx zombie (Depths:3)
  A worldbinder (WizLab)
  7 shining eyes
  13 fauns
  11 salamanders
  6 cyclopes
  6 centaur zombies (D:15)
  2 salamanders (shapeshifter)
  18 manticores
  A black mamba (shapeshifter) (D:13)
  9 elephants
  4 guardian serpents
  A molten gargoyle (Desolation)
  16 naga magi
  10 merfolk sirens
  2 water nymphs
  30 black mambas
  17 cane toads
  3 eyes of devastation
  An orange demon (Abyss:1)
  A gargoyle (D:12)
  17 vault sentinels
  4 smoke demons (Abyss:4)
  A torpor snail (Lair:3)
  2 efreet (Abyss:4)
  2 kobold demonologists (D:9)
  A hellion (Abyss:1)
  Maggie (D:7)
  A komodo dragon (shapeshifter) (Vaults:5)
  54 yaktaurs
  5 unseen horrors
  An ancient zyme (Abyss:4)
  11 komodo dragons
  2 anaconda simulacra (IceCv)
  13 freezing wraiths
  A golden dragon simulacrum (IceCv)
  A tormentor (Abyss:3)
  3 ice devils (IceCv)
  3 meliai (D:15)
  3 tengu conjurers
  2 hellwings
  21 merfolk
  11 trolls
  2 harpy zombies (D:15)
  2 wind drakes (Shoals:4)
  A queen bee (D:15)
  6 hornets
  A tarantella (Vaults:1)
  2 polar bears
  A wolf spider simulacrum (D:15)
  A tyrant leech (Lair:5)
  19 saltlings
  26 blink frogs
  25 dream sheep
  2 raiju
  Sigmund (D:5)
  7 snapping turtles
  94 slime creatures
  A jumping spider (shapeshifter) (D:13)
  4 spriggans
  2 air elementals
  10 large abominations
  5 ynoxinuls
  3 wyverns
  5 shadows
  A vampire (D:13)
  18 water elementals
  2 fire elementals (Elf:2)
  5 small abominations
  2 wraiths (D:13)
  4 steam dragons
  3 hogs (Shoals:4)
  7 golden eyes (Slime:5)
  A golden eye (shapeshifter) (D:12)
  44 yaks
  3 basilisks
  19 vampire mosquitoes
  3 redbacks
  A chaos spawn (Abyss:4)
  A swamp worm (shapeshifter) (Depths:4)
  40 nagas
  A minotaur simulacrum (IceCv)
  A warg (shapeshifter) (Vaults:5)
  An acid dragon (shapeshifter) (Vaults:5)
  28 water moccasins
  3 wargs
  2 hydra simulacra
  An acid dragon (D:12)
  5 floating eyes
  A sky beast (D:8)
  2 black bears
  33 orc warriors
  An alligator simulacrum (IceCv)
  A hornet zombie (D:15)
  An ice beast (D:6)
  A swamp drake (D:12)
  A boggart (WizLab)
  2 ogres (Orc:2)
  10 wolves
  2 centaurs
  3 lemures (D:5)
  4 kobold brigands
  Blork the orc (D:5)
  19 bullfrogs
  4 elf zombies (Elf:1)
  4 earth elementals
  5 deep troll simulacra (IceCv)
  14 wights
  15 killer bees
  A human simulacrum (Vaults:2)
  A lindwurm simulacrum (IceCv)
  6 electric eels
  A howler monkey (D:6)
  4 hounds
  8 jellies
  A jelly (shapeshifter) (D:14)
  13 orc priests
  An iron imp (Abyss:1)
  A sleepcap (D:7)
  Terence (D:2)
  A boggart zombie (D:15)
  3 iguanas
  21 orc wizards
  A boggart simulacrum (D:14)
  A mummy (D:10)
  14 gnolls
  21 adders
  A shadow imp (D:6)
  A white imp (Vaults:2)
  2 ufetubi
  5 dart slugs
  92 orcs
  6 bats
  2 endoplasms
  5 giant cockroaches
  14 goblins
  18 hobgoblins
  5 jackals
  25 kobolds
  A quokka (D:1)
  6 ball pythons
  8 frilled lizards
  5 rats
  A lurking horror (Abyss:3)
  4 spectral weapons (Depths:2)
  5 starspawn tentacles
  8 tentacles (Shoals:3)
2140 creatures vanquished.

Vanquished Creatures (collateral kills)
  An acid blob (Slime:5)
  A rockslime (Slime:5)
  A quicksilver ooze (Slime:5)
  A demonspawn corrupter (WizLab)
  A hydra (Lair:3)
  3 skeletal warriors (D:11)
  3 elephants (Lair:1)
  A cane toad (Lair:1)
  A water moccasin (Lair:1)
  An orc (D:11)
14 creatures vanquished.

Vanquished Creatures (others)
  A wizard (Vaults:3)
  A molten gargoyle (Desolation)
  A human (Shoals:4)
  An orc wizard (Orc:2)
  7 starspawn tentacles
  14 tentacles
25 creatures vanquished.

Grand Total: 2179 creatures vanquished

Notes
Turn   | Place    | Note
-------+----------+-------------------------------------------
     0 | D:1      | Mahakala the Minotaur Berserker began the quest for the
                  | Orb.
     0 | D:1      | Reached XP level 1. HP: 19/19 MP: 0/0
   232 | D:1      | Reached XP level 2. HP: 22/27 MP: 1/1
   385 | D:1      | Reached skill level 4 in Fighting
   562 | D:2      | Reached XP level 3. HP: 32/33 MP: 2/2
   605 | D:2      | Reached ** piety under Trog
   689 | D:2      | Reached skill level 5 in Axes
   719 | D:2      | Noticed Terence
   729 | D:2      | Killed Terence
   730 | D:2      | Reached XP level 4. HP: 40/41 MP: 3/3
  1216 | D:3      | Found Sapsuf's Distillery.
  1231 | D:3      | Bought a potion of curing for 30 gold pieces
  1280 | D:3      | Reached XP level 5. HP: 47/47 MP: 4/4
  1292 | D:3      | Reached skill level 5 in Fighting
  1869 | D:4      | Reached XP level 6. HP: 35/56 MP: 5/5
  1873 | D:4      | Reached *** piety under Trog
  2560 | D:5      | Entered Level 5 of the Dungeon
  2667 | D:5      | Noticed Blork the orc
  2673 | D:5      | Killed Blork the orc
  2704 | D:5      | Noticed Pikel
  3136 | D:5      | Killed Pikel
  3137 | D:5      | Reached skill level 5 in Armour
  3137 | D:5      | Reached XP level 7. HP: 61/61 MP: 6/6
  3284 | D:5      | Noticed Sigmund
  3302 | D:5      | Killed Sigmund
  3303 | D:5      | Reached skill level 10 in Axes
  3303 | D:5      | Reached XP level 8. HP: 68/68 MP: 7/7
  4047 | D:6      | Found a broken altar of Ashenzari.
  4208 | D:6      | Found a glowing golden altar of the Shining One.
  5147 | D:7      | Noticed Maggie
  5179 | D:7      | Killed Maggie
  5180 | D:7      | Reached XP level 9. HP: 11/71 MP: 8/8
  5494 | D:7      | Found a staircase to the Ecumenical Temple.
  5512 | Temple   | Entered the Ecumenical Temple
  6078 | D:8      | Found a flagged portal.
  6083 | D:8      | Reached **** piety under Trog
  6095 | Bailey   | Entered a bailey
  6479 | Bailey   | Noticed an orc warlord
  6516 | Bailey   | Reached skill level 6 in Fighting
  6529 | Bailey   | Killed an orc warlord
  6530 | Bailey   | Reached skill level 7 in Fighting
  6530 | Bailey   | Reached XP level 10. HP: 29/86 MP: 9/9
  6756 | Bailey   | Acquired the +8 plate armour of the Ant {rN+}
  6771 | Bailey   | Acquired a manual of Fighting
  6970 | D:8      | Reached skill level 15 in Axes
  6979 | D:8      | Found a white marble altar of Elyvilon.
  7097 | D:8      | Reached skill level 8 in Fighting
  7209 | D:8      | Found an opulent altar of Gozag.
  7217 | D:8      | Found an ancient bone altar of Kikubaaqudgha.
  7217 | D:8      | Found an iron altar of Okawaru.
  7220 | D:8      | Found a shadowy altar of Dithmenos.
  7329 | D:9      | Noticed a two-headed ogre
  7346 | D:9      | Killed a two-headed ogre
  7458 | D:9      | Found a burning altar of Makhleb.
  7525 | D:9      | Reached skill level 1 in Throwing
  7670 | D:9      | Reached ***** piety under Trog
  7860 | D:9      | Reached skill level 9 in Fighting
  7936 | D:9      | Noticed a smoke demon
  7954 | D:9      | Reached XP level 11. HP: 99/99 MP: 10/10
  8307 | D:10     | Entered Level 10 of the Dungeon
  8326 | D:10     | Reached skill level 10 in Fighting
  8523 | D:10     | Found a snail-covered altar of Cheibriados.
  8546 | D:10     | Found a staircase to the Lair.
  8551 | D:10     | Noticed a two-headed ogre
  8563 | D:10     | Killed a two-headed ogre
  8646 | D:10     | Reached skill level 11 in Fighting
  9066 | Lair:1   | Entered Level 1 of the Lair of Beasts
  9080 | Lair:1   | Reached skill level 10 in Armour
  9082 | Lair:1   | Reached skill level 5 in Throwing
  9084 | Lair:1   | Reached skill level 12 in Fighting
  9838 | Lair:1   | Reached XP level 12. HP: 112/112 MP: 11/11
 10249 | Lair:2   | Reached skill level 1 in Evocations
 11005 | Lair:2   | Reached skill level 13 in Fighting
 11534 | Lair:2   | Found a staircase to the Snake Pit.
 11882 | Lair:3   | Reached skill level 14 in Fighting
 11912 | Lair:3   | Noticed a death yak
 11922 | Lair:3   | Killed a death yak
 12127 | Lair:3   | Reached skill level 15 in Fighting
 12130 | Lair:3   | Received a gift from Trog
 12165 | Lair:3   | Noticed a five-headed hydra
 12169 | Lair:3   | Killed a four-headed hydra
 12170 | Lair:3   | Reached XP level 13. HP: 127/127 MP: 12/12
 12343 | Lair:3   | Reached skill level 5 in Evocations
 12633 | Lair:3   | Found a staircase to the Shoals.
 12808 | Lair:4   | Reached skill level 16 in Fighting
 13520 | Lair:4   | Identified the +7 rapier of the Spider Nest {freeze, Will+}
 13588 | Lair:4   | Found a staircase to the Slime Pits.
 13846 | Lair:5   | Entered Level 5 of the Lair of Beasts
 13982 | Lair:5   | Received a gift from Trog
 14215 | Lair:5   | Reached skill level 17 in Fighting
 14772 | Lair:5   | Reached XP level 14. HP: 140/140 MP: 13/13
 15909 | D:11     | Reached skill level 18 in Fighting
 16298 | D:11     | Received a gift from Trog
 16516 | D:11     | Found a staircase to the Orcish Mines.
 16516 | D:11     | Identified the +3 robe "Ryihal" {Dex+3}
 17159 | Orc:1    | Entered Level 1 of the Orcish Mines
 17300 | Orc:2    | Entered Level 2 of the Orcish Mines
 17578 | Orc:1    | Found Ximm's Distillery.
 17625 | Orc:1    | Bought a potion of heal wounds for 80 gold pieces
 17857 | Orc:2    | Found a shimmering blue altar of Sif Muna.
 18012 | Orc:2    | Received a gift from Trog
 18018 | Orc:2    | Reached ****** piety under Trog
 18383 | Orc:2    | Reached skill level 19 in Fighting
 18740 | Orc:2    | Found a staircase to the Elven Halls.
 19264 | Orc:2    | Paralysed by an orc sorcerer for 5 turns
 19286 | Orc:2    | Found Lufuby's Weapon Boutique.
 19286 | Orc:2    | Found Ningein's Magic Scroll Emporium.
 19288 | Orc:2    | Found Nucrit's Armour Boutique.
 19288 | Orc:2    | Found Hiraoq's Jewellery Emporium.
 19521 | Snake:1  | Entered Level 1 of the Snake Pit
 20156 | Snake:1  | Received a gift from Trog
 20157 | Snake:1  | Reached skill level 10 in Throwing
 20171 | Snake:1  | Reached XP level 15. HP: 96/152 MP: 14/14
 20690 | Snake:1  | Found Gallet's Jewellery Emporium.
 20691 | Snake:1  | Found Baihos Vaha's Book Shop.
 20692 | Snake:1  | Found Luxink's Jewellery Emporium.
 20712 | Snake:1  | Bought the amulet "Tehit" {Spirit -Cast Will++ rCorr
                  | Slay+5} for 1059 gold pieces
 22227 | Snake:2  | Reached skill level 20 in Fighting
 23720 | Snake:1  | Identified the +2 war axe "Transmigrator" {flame, rN+
                  | rCorr} (Trog gifted it to you on level 1 of the Snake Pit)
 23720 | Snake:1  | Received a gift from Trog
 24646 | Snake:3  | Found Uhecri's Magic Scroll Emporium.
 24646 | Snake:3  | Found Vutsau's Antique Weapon Shoppe.
 24648 | Snake:3  | Found Ojuoqyps's Book Shoppe.
 24649 | Snake:3  | Found Fucwuoma's Weapon Emporium.
 24668 | Snake:3  | Bought a scroll of blinking for 157 gold pieces
 24985 | Snake:3  | Reached skill level 15 in Armour
 25231 | Snake:3  | Noticed a nagaraja
 25243 | Snake:3  | Killed a nagaraja
 25885 | Snake:4  | Entered Level 4 of the Snake Pit
 25951 | Snake:4  | Reached XP level 16. HP: 162/162 MP: 15/15
 26195 | Snake:4  | Acquired a +5 battleaxe of draining
 27234 | Snake:4  | Received a gift from Trog
 27676 | Snake:4  | Found a runed translucent door.
 27677 | Snake:4  | Noticed Midn8's ghost (adept DEHs)
 27699 | Snake:4  | Killed Midn8's ghost
 29513 | Snake:4  | Got a serpentine rune of Zot
 29774 | Shoals:1 | Entered Level 1 of the Shoals
 29802 | Shoals:1 | Received a gift from Trog
 30292 | Shoals:1 | Identified the +6 scale mail of the Good {rN+}
 30610 | Shoals:2 | Found Peixucil's General Store.
 30660 | Shoals:2 | Found Woheci's Jewellery Boutique.
 30679 | Shoals:2 | Found Nourron's Book Shop.
 31185 | Shoals:2 | Found Vosomat's Weapon Shop.
 31247 | Shoals:3 | Reached XP level 17. HP: 168/170 MP: 16/16
 31574 | Shoals:3 | Received a gift from Trog
 31833 | Shoals:3 | Noticed a kraken
 31847 | Shoals:3 | Killed a kraken
 31932 | Shoals:3 | Reached skill level 15 in Throwing
 32656 | Shoals:3 | Noticed a kraken
 32693 | Shoals:3 | Killed a kraken
 33012 | Shoals:4 | Entered Level 4 of the Shoals
 33038 | Shoals:4 | Noticed Polyphemus
 33103 | Shoals:4 | Noticed Kirke
 33111 | Shoals:4 | Killed Kirke
 33210 | Shoals:4 | Noticed Mara
 33214 | Shoals:4 | Noticed Mahakala's illusion
 33407 | Shoals:4 | Noticed Nikola
 33421 | Shoals:4 | Killed Nikola
 33427 | Shoals:4 | Noticed Mahakala's illusion
 33514 | Shoals:3 | Killed Polyphemus
 33787 | Shoals:4 | Received a gift from Trog
 34225 | Shoals:4 | Got a barnacled rune of Zot
 34734 | Shoals:4 | Noticed Mahakala's illusion
 34740 | Shoals:4 | Killed Mara
 35414 | D:12     | Found a flickering gateway to a bazaar.
 35440 | Bazaar   | Entered a bazaar
 35454 | Bazaar   | Found Qiwig's Armour Shoppe.
 35483 | Bazaar   | Found Xyamefi's Magic Scroll Shoppe.
 35488 | Bazaar   | Bought a scroll of blinking for 97 gold pieces
 35488 | Bazaar   | Bought a scroll of fear for 52 gold pieces
 35488 | Bazaar   | Bought a scroll of revelation for 97 gold pieces
 36002 | D:12     | Noticed Rupert
 36002 | D:12     | Noticed Snorg
 36040 | D:12     | Killed Rupert
 36046 | D:12     | Killed Snorg
 36083 | D:12     | Noticed Sonja
 36086 | D:12     | Killed Sonja
 36253 | D:12     | Received a gift from Trog
 36313 | D:12     | Reached XP level 18. HP: 162/178 MP: 15/17
 36365 | D:12     | Reached skill level 5 in Dodging
 36505 | D:12     | Noticed Nessos
 36513 | D:12     | Killed Nessos
 36976 | D:13     | Found a gate to the Vaults.
 37965 | D:14     | Identified the +7 scimitar "Beetleslayer" {heavy, *Slow
                  | rElec Int+3 Dex+5}
 38138 | D:15     | Entered Level 15 of the Dungeon
 38138 | D:15     | Found a portal to a secret trove of treasure.
 38383 | D:15     | Received a gift from Trog
 39054 | D:15     | Found a staircase to the Depths.
 39334 | D:15     | Found an ornate altar of the Wu Jian Council.
 39488 | Vaults:1 | Entered Level 1 of the Vaults
 40687 | Vaults:1 | Received a gift from Trog
 42034 | Vaults:2 | Received a gift from Trog
 42395 | Vaults:2 | Reached XP level 19. HP: 159/185 MP: 16/18
 42737 | Vaults:2 | Noticed a Brimstone Fiend
 43331 | Vaults:3 | Found a magical portal.
 43338 | WizLab   | Entered Alistair's Party Mansion
 43451 | WizLab   | Identified the +8 battleaxe of Dulid {heavy, *Noise rCorr
                  | Str+5 Dex+2} (Trog gifted it to you in a wizard's
                  | laboratory)
 43451 | WizLab   | Received a gift from Trog
 44297 | WizLab   | Reached skill level 10 in Evocations
 44297 | WizLab   | Reached XP level 20. HP: 195/195 MP: 19/19
 44827 | Vaults:3 | Reached skill level 21 in Fighting
 45461 | Vaults:3 | Received a gift from Trog
 45473 | Vaults:3 | Reached skill level 10 in Dodging
 45813 | Vaults:3 | Found a transporter.
 45814 | Vaults:3 | Found a radiant altar of Vehumet.
 45900 | Vaults:3 | Found a staircase to the Crypt.
 46182 | Vaults:4 | Found a crumbling gateway.
 46191 | Desolati | Entered the Desolation of Salt
 46407 | Desolati | Received a gift from Trog
 46417 | Desolati | Reached XP level 21. HP: 91/205 MP: 8/20
 48000 | Vaults:4 | Received a gift from Trog
 48116 | Vaults:4 | Reached skill level 22 in Fighting
 48774 | Depths:1 | Entered Level 1 of the Depths
 49122 | Depths:1 | Found a gateway to Hell.
 49698 | Depths:1 | Received a gift from Trog
 50414 | Depths:1 | Reached skill level 23 in Fighting
 50522 | Depths:1 | Found an ancient bone altar of Kikubaaqudgha.
 50682 | Depths:2 | Noticed Sojobo
 51024 | Depths:2 | Found a one-way gate leading to the halls of Pandemonium.
 51154 | Depths:2 | Received a gift from Trog
 51186 | Depths:2 | Reached XP level 22. HP: 199/222 MP: 19/21
 51246 | Depths:2 | Reached skill level 24 in Fighting
 52266 | Depths:2 | Noticed Asterion
 52277 | Depths:2 | Gained mutation: Your spells are a little easier to cast,
                  | but a little less powerful. [a cacodemon]
 52283 | Depths:2 | Killed Asterion
 52405 | Depths:2 | Paralysed by an air elemental for 1 turns
 52414 | Depths:2 | Killed Sojobo
 52415 | Depths:2 | Reached skill level 25 in Fighting
 53890 | Snake:3  | Bought a scroll of enchant weapon for 157 gold pieces
 53890 | Snake:3  | Bought a scroll of fog for 84 gold pieces
 54375 | Depths:3 | Found a one-way gateway to a ziggurat.
 54488 | Depths:3 | Noticed Mennas
 54498 | Depths:3 | Killed Mennas
 54498 | Depths:3 | Received a gift from Trog
 54519 | Depths:3 | Reached skill level 26 in Fighting
 55326 | Depths:3 | Noticed a golden dragon
 55329 | Depths:3 | Killed a golden dragon
 55666 | Vaults:4 | Acquired 774 gold pieces
 55739 | Vaults:3 | Acquired the +3 pair of gauntlets of War {Slay+5}
 55739 | Vaults:3 | Found the +3 pair of gauntlets of War {Slay+5}
 56233 | Depths:3 | Received a gift from Trog
 56545 | Depths:3 | Found a one-way gate to the infinite horrors of the Abyss.
 56566 | Depths:3 | Reached skill level 27 in Fighting
 56786 | Depths:3 | Identified the staff "Moilol" {rF+ Str+3 Fire}
 56798 | Depths:3 | Noticed a juggernaut
 56805 | Depths:3 | Killed a juggernaut
 56808 | Depths:3 | Identified the +1 hat of Ifiuk {Harm *Slow rPois Int-5}
 57202 | Depths:4 | Entered Level 4 of the Depths
 57605 | Depths:4 | Found a transporter.
 57618 | Depths:4 | Received a gift from Trog
 57751 | Depths:4 | Found Gonaete's Magic Scroll Emporium.
 57759 | Depths:4 | Bought a scroll of silence for 171 gold pieces
 57759 | Depths:4 | Bought a scroll of silence for 171 gold pieces
 57782 | Depths:4 | Identified the +1 chain mail "Lefest Pala" {Dex+3}
 57858 | Depths:4 | Reached XP level 23. HP: 180/240 MP: 16/22
 57868 | Depths:4 | Identified the ring "Goekk" {Fly rF+ Dex+2}
 57974 | Depths:4 | Found Suegel's Weapon Emporium.
 58052 | Depths:4 | Noticed Grunn
 58061 | Depths:4 | Killed Grunn
 58173 | Depths:4 | Noticed a juggernaut
 58186 | Depths:4 | Killed a juggernaut
 58618 | Depths:4 | Found a transporter.
 58757 | Depths:4 | Received a gift from Trog
 58766 | Depths:4 | Identified the ring "Qydoosha" {rN+ Str+2 Int+3}
 58850 | Depths:4 | Found a gate to the Realm of Zot.
 58959 | Depths:4 | Identified the ring "Zotaf" {rN+ Str+2}
 59107 | Depths:4 | Identified the +5 broad axe of the Eternal Warrior {elec,
                  | rElec}
 59599 | Slime:1  | Entered Level 1 of the Pits of Slime
 59874 | Slime:3  | Received a gift from Trog
 60069 | Slime:5  | Entered Level 5 of the Pits of Slime
 60102 | Slime:5  | Gained mutation: You are partially covered in iridescent
                  | scales. (AC +2) [a shining eye]
 60406 | Slime:5  | Found a viscous altar of Jiyva.
 60460 | Slime:5  | Noticed the Royal Jelly
 61607 | Slime:5  | Gained mutation: You are occasionally teleported next to
                  | monsters. [a shining eye]
 61610 | Slime:5  | Gained mutation: Your spells are easier to cast, but less
                  | powerful. [a shining eye]
 61611 | Slime:5  | Received a gift from Trog
 61612 | Slime:5  | Lost mutation: You are occasionally teleported next to
                  | monsters. [potion of mutation]
 61612 | Slime:5  | Lost mutation: You are partially covered in iridescent
                  | scales. (AC +2) [potion of mutation]
 61612 | Slime:5  | Gained mutation: You have a pair of large horns on your
                  | head. [potion of mutation]
 61667 | Slime:5  | Gained mutation: Your body sometimes deteriorates upon
                  | taking damage. [a shining eye]
 61702 | Slime:5  | Killed the Royal Jelly
 61974 | Slime:5  | Identified the +5 chain mail of Sawil {Dex+5}
 61975 | Slime:5  | Identified the +5 orcbow "Tormentor" {drain, Int+2}
 62042 | Slime:5  | Got a slimy rune of Zot
 62548 | Vaults:5 | Entered Level 5 of the Vaults
 62558 | Vaults:5 | Reached XP level 24. HP: 174/249 MP: 15/22
 62569 | Vaults:5 | Gained mutation: You occasionally shout uncontrollably at
                  | your foes. [a shining eye]
 62661 | Vaults:5 | Reached skill level 15 in Evocations
 63059 | Vaults:5 | Received a gift from Trog
 63716 | Vaults:5 | Identified the +2 robe "Tixut" {Will+}
 63890 | Vaults:5 | Identified the +10 battleaxe of Clean the Howling One
                  | {flame, Str+3} (Trog gifted it to you on level 5 of the
                  | Vaults)
 63890 | Vaults:5 | Received a gift from Trog
 64051 | Vaults:5 | Found Joni's Armour Boutique.
 64224 | Vaults:5 | Identified the +9 mace of the Present {freeze, rF- Dex+4}
 64227 | Vaults:5 | Reached skill level 15 in Dodging
 64248 | Vaults:5 | Got a silver rune of Zot
 65091 | Elf:1    | Entered Level 1 of the Elven Halls
 66182 | Elf:2    | Found Neant's General Store.
 66182 | Elf:2    | Found Esaomoh's Jewellery Shoppe.
 66268 | Elf:2    | Found a runed translucent gate.
 66268 | Elf:2    | Found a runed translucent gate.
 66269 | Elf:2    | Found a runed translucent gate.
 66270 | Elf:2    | Noticed Viaheush's ghost (journeyman GnWn)
 66271 | Elf:2    | Noticed olddryhag's ghost (adept DsSh)
 66271 | Elf:2    | Noticed Heg Cuhi's ghost (adept MiFi)
 66273 | Elf:2    | Noticed Onliunavitz's ghost (adept GrEE)
 66275 | Elf:2    | Received a gift from Trog
 66287 | Elf:2    | Found a flickering gateway to a bazaar.
 66318 | Bazaar   | Entered a bazaar
 66321 | Bazaar   | Found Ofalopeu's Antique Weapon Boutique.
 66370 | Bazaar   | Found Iptoqi's Book Emporium.
 66386 | Bazaar   | Found Naothreepp's Assorted Antiques.
 66394 | Bazaar   | Bought a potion of haste for 300 gold pieces
 66394 | Bazaar   | Bought a scroll of enchant armour for 225 gold pieces
 66394 | Bazaar   | Bought a potion of might for 120 gold pieces
 66394 | Bazaar   | Bought a scroll of blinking for 225 gold pieces
 66394 | Bazaar   | Found Limn's Distillery.
 66536 | Elf:2    | Bought a wand of charming (4) for 153 gold pieces
 66587 | Elf:2    | Found Eshireg's Antique Armour Shop.
 66786 | Elf:2    | Found Nalear's Weapon Shoppe.
 66898 | Elf:2    | Found a runed translucent gate.
 66898 | Elf:2    | Found a runed translucent gate.
 66903 | Elf:2    | Found a runed translucent gate.
 66989 | Elf:2    | Killed Viaheush's ghost
 66994 | Elf:2    | Killed Heg Cuhi's ghost
 66995 | Elf:2    | Killed olddryhag's ghost
 66998 | Elf:2    | Killed Onliunavitz's ghost
 67046 | Elf:3    | Entered Level 3 of the Elven Halls
 67055 | Elf:3    | Received a gift from Trog
 67334 | Elf:3    | Found a frozen archway.
 67344 | IceCv    | Entered an ice cave
 67462 | IceCv    | Identified the +6 battleaxe "Orphypsur" {antimagic, rCorr}
                  | (Trog gifted it to you in an ice cave)
 67462 | IceCv    | Received a gift from Trog
 67862 | Elf:3    | Paralysed by an air elemental for 1 turns
 68005 | Elf:3    | Reached XP level 25. HP: 226/257 MP: 22/22
 68754 | Elf:3    | Received a gift from Trog
 68833 | Elf:3    | Identified the amulet of Omy Cohe {*Slow rPois Regen+
                  | Dex+5}
 68877 | Elf:3    | Identified the +4 whip of Severance {heavy, rF- Int+7
                  | Dex+6}
 68945 | Elf:3    | Identified the +3 battleaxe of Gravity {antimagic, rElec
                  | rN+}
 69398 | Depths:3 | Voluntarily entered the Abyss.
 69922 | Abyss:4  | Paralysed by accursed screaming for 1 turns
 69929 | Abyss:4  | Paralysed by an air elemental for 1 turns
 69950 | Abyss:4  | Received a gift from Trog
 69959 | Abyss:4  | Got an abyssal rune of Zot
 70017 | Abyss:4  | Identified the +8 tower shield "Naonwohi" {Rampage Str+2
                  | Slay+5}
 70020 | Abyss:4  | Noticed an ancient lich
 70028 | Abyss:4  | HP: 5/257 [daeva/divine providence (11)]
 70034 | Abyss:4  | HP: 1/257 [large abomination (4)]
 70038 | Abyss:4  | Slain by an ancient lich

Illustrated notes

Levels and vault maps discovered:
D:1:      eino_arrival_cavern_c, layout_basic
D:2:      layout_rooms, serial_glass, glass_columns_a, glass_columns_a,
          minmay_pentomino_u4, uniq_terence
D:3:      layout_rooms, serial_shops, shop
D:4:      layout_loops_ring, minmay_lizard_king
D:5:      layout_basic, uniq_blork_the_orc, uniq_sigmund, uniq_pikel
D:6:      layout_gridville, mainiacjoe_overflow_surrounded_room,
          cheibrodos_ashenzari_chains, minmay_misc_feat_ornament,
          dk_noncrumbling_2
D:7:      wander_river, layout_rooms, minmay_temple_entry_junction_2,
          nicolae_figureground_pulse, uniq_maggie
D:8:      layout_rooms, nicolae_elyvilon_peaceful_grove, minitemple,
          enter_bailey_4
D:9:      layout_cave_pods, lemuel_tele_altar
D:10:     layout_roguey, slow_altar_1, david_lair_generic
D:11:     layout_basic, erik_orc_4
D:12:     lemuel_reptile_caves, layout_basic, serial_shops, bzr_entry_gold,
          grunt_ministairs_9, uniq_sonja, uniq_rupert, uniq_nessos, uniq_snorg
D:13:     layout_rooms, lightli_vaults_fourway_checkpoint
D:14:     layout_basic
D:15:     grunt_enter_depths_hoard, layout_stronghold, serial_undead,
          serial_undead_f, serial_undead_b, serial_undead_d, serial_undead_a,
          nzn_wu_jian_council_hall, enter_trove_0, nicolae_looking_at_the_future
Temple:   nicolae_temple_bog_church
Lair:1:   layout_regular_city, minmay_lair_oklob_items
Lair:2:   layout_layer_cave, alex1729_snake_entry_snake
Lair:3:   layout_gridlike, minmay_shoals_entry_lonely_mermaid
Lair:4:   layout_gridlike, nicolae_slime_entry_field_trip,
          chequers_serial_rivers_micro_d, chequers_serial_rivers_small_3,
          grunt_megastairs_1
Lair:5:   minmay_lair_end_frog_pond, layout_regular_city
Shoals:1: layout_shoals
Shoals:2: layout_shoals, serial_shops, nicolae_shop_real_fake_doors,
          nicolae_shop_pleasant_corner_grove, shop,
          nicolae_shop_pleasant_corner_grove
Shoals:3: cheibrodos_shoals_baths, layout_shoals
Shoals:4: shoals_end_grunt_ice, layout_shoals, uniq_kirke, uniq_polyphemus,
          uniq_nikola, uniq_mara
Snake:1:  nicolae_snake_attic_fulla_snakes, layout_chambers,
          guppyfry_library_mini, grunt_megastairs_3, serial_bayou_shore_b,
          minmay_shop_grove
Snake:2:  layout_gridlike
Snake:3:  layout_chambers, minmay_shoptagon, serial_bayou_shore_a
Snake:4:  minmay_snake_end_coiled, layout_onion, ebering_ghost_inner_flame
Slime:1:  layout_caves, special_room [special_room_jelly]
Slime:2:  layout_caves, cheibrodos_slime_lost_civilization_5
Slime:3:  layout_caves
Slime:4:  layout_caves
Slime:5:  slime_pit_nicolae_trefoil
Orc:1:    layout_caves, serial_shops, nicolae_shop_window_shopping
Orc:2:    grunt_orc_tribal_feast, layout_caves, led_sif_book
Elf:1:    layout_onion_city, minmay_elf_necromancy
Elf:2:    elven_hall_of_blades_hangedman_original [mumra_blade_entry_bloodbath],
          layout_geoelf_octagon, gammafunk_ghost_cemetery, serial_shops,
          bzr_entry_water, shop, nicolae_stop_n_shop_2, nicolae_diamond_shop,
          shop
Elf:3:    minmay_elf_hall_dome, layout_gridlike, portal_ice_cave_entry_dragon,
          minmay_elf_demonology
Vaults:1: nicolae_vaults_storage_room_water, nicolae_vaults_angled_halls,
          nicolae_vaults_hexular_roomagon, vaults_room_large_hall,
          nicolae_vaults_little_squares_3, ontoclasm_vaults_fault,
          nicolae_vaults_tetromino_T_1, nicolae_vaults_more_shelving_1,
          vaults_room_pools, nicolae_vaults_theta, nicolae_vaults_prndl,
          nicolae_vaults_border_crossing, layout_vaults_omnigrid
Vaults:2: v_misc_24, ontoclasm_vaults_loading_screen,
          nicolae_vaults_closet_pinwheel_6, serial_ice_b,
          nicolae_vaults_yaktaur_gun_rack, nicolae_vaults_tetromino_Z_2,
          nicolae_vaults_specimen_jars, nicolae_vaults_asterisk,
          nicolae_vaults_two_Ls, hangedman_vaults_restitches,
          nicolae_vaults_double_plus_2, v_misc_2, grunt_vaults_twisty,
          nicolae_vaults_double_plus_1, nicolae_vaults_house_2,
          layout_vaults_omnibox
Vaults:3: infiniplex_enter_wizlab_spiral, nicolae_vaults_angled_halls,
          v_alt_pattern_3, gammafunk_sealed_library, v_misc_30,
          minmay_crypt_entry_simple_box, nicolae_vaults_network_periphery,
          nicolae_vaults_heist, v_misc_12,
          vaults_standard_mumra_enter_the_diamond, nicolae_vaults_shelves_hall,
          ontoclasm_vaults_hangar, vaults_dpeg_encased_lava,
          nicolae_vaults_trapezoid_2, v_misc_27, nicolae_vaults_double_plus_1,
          layout_vaults_omnicross
Vaults:4: portal_desolation_entry_nicolae_nacl, st_squares,
          hangedman_vaults_nodes, vaults_room_hallway, v_rooms_1,
          hangedman_vaults_trim, nicolae_vaults_closet_pinwheel_5,
          vaults_dpeg_diagonal, layout_vaults_ring
Vaults:5
Depths:1: layout_honeycomb, nicolae_kikubaaqudgha_miasma_corner,
          hangedman_tar_grid_catacomb, minmay_misc_feat_chi, drop_trap,
          minivault_16, kennysheep_small_square
Depths:2: minmay_isolated_rectangles_in_corner, layout_basic, hex_medium,
          hell_entry, pan_entry, small_chamber_with_monster,
          infiniplex_staircase_pool_1, serial_bayou_shore_b,
          serial_bayou_shore_b, uniq_asterion, uniq_sojobo
Depths:3: minmay_the_grid_octo_triangle [minmay_the_grid_octo_clover,
          minmay_the_grid_octo_prize_single_spiral, minmay_the_grid_octo_focus],
          layout_honeycomb, enter_ziggurat_a, pan_entry, hell_entry,
          nicolae_two_hexagons, abyss_entry, lightli_corner_chamber, uniq_mennas
Depths:4: hangedman_spin_cycle, abyss_entry, hell_entry, uniq_grunn
Abyss:4:  base: Slime:5, dshaligram_kb_abyss_rune_zappy_water_cross,
          spicy_abyss_pitcher_plant, dshaligram_kb_abyss_rune_zappy_water_cross,
          evilmike_abyss_exit_12, evilmike_abyss_exit_kraken

Skill      XL: |  1  2  3  4  5  6  7  8  9 10 11 12 13 14 15 16 17 18 19 20 21 22 23 24 25 |
---------------+----------------------------------------------------------------------------+-----
Axes           | 4 5 6 7 9 10 12 14 16 17 18 19 20 22 25 26 | 26.0
Fighting       | 4 5 7 9 12 15 17 19 20 21 23 27 | 27.0
Armour         | 3 5 7 8 10 12 14 15 17 18 20 21 25 | 25.0
Dodging        | 4 7 9 10 12 13 18 20 | 20.4
Throwing       | 2 6 10 11 14 16 | 16.2
Evocations     | 4 7 8 10 11 13 14 17 | 17.1

Action                     |  1- 3 |  4- 6 |  7- 9 | 10-12 | 13-15 | 16-18 | 19-21 | 22-24 | 25-27 || total
---------------------------+-------+-------+-------+-------+-------+-------+-------+-------+-------++-------
  Melee: Hand axe          |    83 |   201 |   133 |       |       |       |       |       |       ||   417
         Headbutt          |    11 |    39 |    63 |   108 |   283 |   266 |   182 |   264 |    36 ||  1252
         Punch             |       |     4 |     3 |     2 |       |       |       |       |       ||     9
         War axe           |       |       |   136 |   414 |   953 |    19 |       |       |       ||  1522
         Battleaxe         |       |       |       |       |       |   875 |       |       |       ||   875
         Executioner's axe |       |       |       |       |       |    95 |   660 |   943 |   147 ||  1845
  Throw: Javelin           |       |       |       |     4 |     2 |       |     6 |     1 |       ||    13
         Dart              |       |       |       |     3 |     3 |     2 |       |       |       ||     8
         Boomerang         |       |       |       |       |     3 |    30 |       |   174 |   104 ||   311
         Throwing net      |       |       |       |       |       |       |       |     1 |       ||     1
 Invoke: Berserk           |     1 |     3 |     5 |     5 |     5 |     8 |     1 |     3 |       ||    31
         Trog's Hand       |       |       |     3 |     3 |       |       |       |       |       ||     6
         Brothers in Arms  |       |       |       |     2 |     2 |     1 |     1 |     4 |       ||    10
  Evoke: Wand              |       |       |       |     1 |     7 |    14 |     2 |     3 |       ||    27
         Phial of floods   |       |       |       |       |       |     1 |       |     1 |       ||     2
    Use: Scroll            |       |     8 |     2 |    10 |    10 |    16 |       |    20 |     5 ||    71
         Potion            |       |       |     1 |       |       |     3 |     3 |     6 |     3 ||    16
   Stab: Distracted        |       |       |       |       |       |       |     1 |       |       ||     1
 Armour: Plate armour      |    64 |   120 |   105 |   261 |   567 |   782 |   403 |   153 |       ||  2455
         Gold dragon scale |       |       |       |       |       |       |       |   450 |    77 ||   527
  Dodge: Dodged            |    27 |    55 |    68 |   152 |   393 |   486 |   261 |   436 |    68 ||  1946

Table legend: (Time is in decaauts)
 A = Elapsed time spent in this place.
 B = Non-inter-level travel time spent in this place.
 C = Inter-level travel time spent in this place.
 D = Time resting spent in this place.
 E = Time spent auto-exploring this place.
 F = Levels seen in this place.
 G = Mean time per level.
                   A        B        C        D        E       F      G
               +--------+--------+--------+--------+--------+-----+--------+
         Total |  69224 |  62569 |   6655 |  17665 |  26479 |  58 | 1193.5 |
       Dungeon |  15372 |  13299 |   2073 |   2272 |   7831 |  15 | 1024.8 |
        Temple |      1 |      1 |      0 |      0 |      0 |   1 |    1.0 |
          Lair |   7312 |   6348 |    964 |   1423 |   3425 |   5 | 1462.4 |
        Shoals |   5363 |   5091 |    272 |   2291 |    933 |   4 | 1340.8 |
     Snake Pit |  10262 |   9671 |    591 |   4105 |   3232 |   4 | 2565.5 |
    Slime Pits |   1888 |   1714 |    174 |    584 |     51 |   5 |  377.6 |
  Orcish Mines |   2214 |   2024 |    190 |    240 |   1149 |   2 | 1107.0 |
   Elven Halls |   3438 |   3264 |    174 |    529 |   1783 |   3 | 1146.0 |
        Vaults |  11249 |   9875 |   1374 |   2541 |   4613 |   5 | 2249.8 |
        Depths |   8981 |   8142 |    839 |   2750 |   3254 |   4 | 2245.2 |
         Abyss |    657 |    657 |      0 |      0 |      0 |   4 |  164.2 |
        Bazaar |    173 |    173 |      0 |      0 |     69 |   2 |   86.5 |
        Bailey |    699 |    699 |      0 |    322 |      0 |   1 |  699.0 |
      Ice Cave |    420 |    420 |      0 |     11 |    138 |   1 |  420.0 |
        Wizlab |    944 |    944 |      0 |    404 |      0 |   1 |  944.0 |
    Desolation |    245 |    245 |      0 |    189 |      0 |   1 |  245.0 |
               +--------+--------+--------+--------+--------+-----+--------+

Top non-repeatable levels by time:
 Snake:1: 3128 daAuts
 Snake:4: 2998 daAuts
Depths:2: 2706 daAuts
Vaults:4: 2648 daAuts
 Snake:3: 2594 daAuts
Vaults:2: 2541 daAuts
Depths:1: 2370 daAuts
Vaults:5: 2279 daAuts
Vaults:3: 2112 daAuts
Shoals:3: 2063 daAuts
Depths:4: 2025 daAuts
Depths:3: 1879 daAuts
  Lair:2: 1819 daAuts
   Orc:2: 1732 daAuts
Vaults:1: 1667 daAuts
